 Dungeon Crawl Stone Soup version 0.25.0-9-g26727b657a (console) character file.

Game seed: 4037331723362317141

57 bli the Slasher (level 4, -6/37 HPs)
             Began as a Formicid Monk on June 20, 2020.
             Mangled by Robin
             ... wielding a +0 spear
              (7 damage)
             ... on level 2 of the Dungeon.
             The game lasted 00:04:06 (1243 turns).

bli the Slasher (Formicid Monk)                     Turns: 1243, Time: 00:04:07

Health: -6/37      AC:  2    Str: 16    XL:     4   Next: 18%
Magic:  4/4        EV: 13    Int:  9    God:
Gold:   20         SH:  0    Dex: 14    Spells: 3/3 levels left

rFire    . . .     SeeInvis +   a - +0 falchion
rCold    . . .     Gourm    .   (no shield)
rNeg     . . .     Faith    .   b - +0 robe
rPois    .         Spirit   .   (helmet unavailable)
rElec    .         Reflect  .   (no cloak)
rCorr    .         Harm     .   (no gloves)
MR       .....                  (no boots)
Stlth    ++........             (no amulet)
HPRegen  0.12/turn              (no ring)
MPRegen  0.09/turn              (no ring)

@: no status effects
A: permanent stasis, dig shafts and tunnels, four strong arms, antennae 3
a: Dig, Shaft Self


You were on level 2 of the Dungeon.
You were not hungry.

You visited 1 branch of the dungeon, and saw 2 of its levels.

You collected 20 gold pieces.

Inventory:

Hand Weapons
 a - a +0 falchion (weapon)
Missiles
 e - 32 stones (quivered)
 i - 11 poisoned darts
Armour
 b - a +0 robe (worn)
Scrolls
 f - 2 scrolls of magic mapping {unknown}
 g - a scroll of teleportation {unknown}
 h - a scroll of identify {unknown}
Comestibles
 c - 4 rations
 d - 2 chunks of flesh


   Skills:
 + Level 3.7 Fighting
 * Level 4.0 Long Blades
 + Level 3.1 Dodging
 + Level 2.7 Stealth


You had 3 spell levels left.
You didn't know any spells.
Your spell library was empty.

Dungeon Overview and Level Annotations

Branches:
Dungeon (2/15)

Altars:

Annotations:
D:2 Robin


Innate Abilities, Weirdness & Mutations

You cannot be hasted, slowed, berserked, paralysed or teleported.
You can dig through walls and to a lower floor.
Your four strong arms can wield two-handed weapons with a shield.
You have a pair of large antennae on your head. (SInv)


Message History

You barely miss the hobgoblin.
The hobgoblin no longer looks unusually strong.
Robin hits you but does no damage.
The hobgoblin hits you but does no damage.
Robin hits you from afar with a +0 spear.
* * * LOW HITPOINT WARNING * * *
You hit the hobgoblin but do no damage. The hobgoblin misses you.
Robin barely misses you.
It was a potion of curing.
You feel better. The hobgoblin closely misses you. Robin closely misses you.
You hit the hobgoblin but do no damage. The hobgoblin hits you.
Robin hits you from afar with a +0 spear.
You closely miss the hobgoblin. The hobgoblin hits you.
Robin hits you from afar with a +0 spear.
* * * LOW HITPOINT WARNING * * *
You completely miss the hobgoblin. The hobgoblin closely misses you.
Robin hits you from afar with a +0 spear.
* * * LOW HITPOINT WARNING * * *
You closely miss the hobgoblin. The hobgoblin hits you.
* * * LOW HITPOINT WARNING * * *
Robin hits you from afar with a +0 spear!
You die...

... ..# #.# #.... ...
+.... #.# #.{.. #.#
#.... #.# #.. #.... #@#
#.. #.g..#####g# ...
#....).{{g.# #.#
#.....#############.#
#.....######.....##.#
####......##.....##.#
...........''.....+.รท#
...........##.....#..#
............##.....#..#
.....#......########..#
.[...###..### #..######


You could see Robin and a hobgoblin.

Vanquished Creatures
  An ooze (D:1)
  A dart slug (D:1)
  2 leopard geckos
  2 giant cockroaches (D:1)
  13 goblins
  3 hobgoblins
  4 jackals (D:1)
  6 bats (D:1)
  2 frilled lizards
  5 kobolds (D:1)
  6 rats (D:1)
45 creatures vanquished.

Notes
Turn   | Place    | Note
-------+----------+-------------------------------------------
     0 | D:1      | bli the Formicid Monk began the quest for the Orb.
     0 | D:1      | Reached XP level 1. HP: 18/18 MP: 1/1
   285 | D:1      | Reached XP level 2. HP: 20/24 MP: 2/2
   482 | D:1      | Reached XP level 3. HP: 28/29 MP: 3/3
  1212 | D:2      | Noticed Robin
  1213 | D:2      | Reached XP level 4. HP: 27/37 MP: 4/4
  1231 | D:2      | Reached skill level 4 in Long Blades
  1243 | D:2      | HP: 1/37 [hobgoblin[Robin] (1)]
  1243 | D:2      | Mangled by Robin

Illustrated notes

Levels and vault maps discovered:
D:1:      lightli_arrival_statue_moat, layout_rooms
D:2:      minmay_evil_eye, layout_basic, uniq_robin

Skill      XL: |  1  2  3  4 |
---------------+-------------+-----
Dodging        | 3 |  3.1
Long Blades    | 4 |  4.0
Fighting       | |  3.7
Stealth        | |  2.7

Action                   |  1- 3 |  4- 6 || total
-------------------------+-------+-------++-------
Melee: Falchion          |    97 |    21 ||   118
  Use: Potion            |       |     1 ||     1
 Stab: Sleeping          |     3 |       ||     3
  Eat: Chunk             |     1 |       ||     1
Armor: Robe              |    21 |     2 ||    23
Dodge: Dodged            |    93 |    15 ||   108
       Rpst.: Falchion   |    26 |     4 ||    30
